 Dungeon Crawl Stone Soup version 0.23.2-1-ga50397a6bc (webtiles) character file.

Game seed: 14417359617212264381

1866 Acheron the Chopper (level 8, -6/67 HPs)
             Began as a Demigod Wanderer on Apr 19, 2019.
             Mangled by a cyan ugly thing (16 damage)
             ... on level 8 of the Dungeon.
             The game lasted 00:42:17 (7819 turns).

Acheron the Chopper (Demigod Wanderer)              Turns: 7819, Time: 00:42:27

Health: -6/67      AC: 16    Str: 16    XL:     8   Next: 59%
Magic:  15/15      EV: 12    Int: 18    God:
Gold:   304        SH:  5    Dex: 18    Spells: 12/12 levels left

rFire    . . .     SeeInvis .   w - +4 war axe
rCold    . . .     Gourm    .   o - +0 buckler
rNeg     . . .     Faith    .   q - +5 ring mail of the Slug {rPois Stlth+}
rPois    +         Spirit   .   (no helmet)
rElec    .         Reflect  .   r - +1 cloak
rCorr    .         Harm     .   g - +0 pair of gloves (curse)
MR       .....                  (no boots)
Stlth    +++.......             B - amulet of the acrobat
HPRegen  0.21/turn              (no ring)
MPRegen  0.14/turn              (no ring)

@: no status effects
A: thin metallic scales 1, high mp 1, sense surroundings 1, screaming 1, strong
1
a: no special abilities


You were on level 8 of the Dungeon.
You were not hungry.

You visited 2 branches of the dungeon, and saw 9 of its levels.
You also visited: Ossuary.

You collected 304 gold pieces.

Inventory:

Hand Weapons
 k - a +1 short sword
 s - a +0 hunting sling
 u - a +0 short sword of speed
 w - a +4 war axe (weapon)
 x - a +1 great mace of draining
Missiles
 e - 178 stones (quivered)
 i - 6 poisoned needles
 p - 4 throwing nets
 D - 10 sling bullets
Armour
 g - a cursed +0 pair of gloves (worn)
 o - a +0 buckler (worn)
 q - the +5 ring mail of the Slug (worn) {rPois Stlth+}
   (You found it on level 4 of the Dungeon)

   It protects you from poison.
   It makes you more stealthy.
 r - a +1 cloak (worn)
Jewellery
 l - a cursed -4 ring of evasion {unknown}
 A - an uncursed ring of ice {unknown}
 B - an amulet of the acrobat (around neck)
Wands
 E - a wand of paralysis (14)
Scrolls
 a - 2 scrolls of blinking
 t - 2 scrolls of amnesia
 y - 2 scrolls of teleportation
 z - 2 scrolls of magic mapping
Potions
 b - 3 potions of heal wounds
 c - 5 potions of curing
 h - 3 potions of flight
 j - a potion of haste
 m - a potion of agility
 n - 3 potions of cancellation
 v - 2 potions of lignification
Comestibles
 d - 7 rations
 f - 3 chunks of flesh


   Skills:
 * Level 4.7 Fighting
 * Level 5.6(5.9) Axes
 - Level 2.5(4.4) Maces & Flails
 + Level 1.0 Throwing
 + Level 3.9 Armour
 * Level 3.1 Dodging
 * Level 3.8 Stealth
 * Level 2.9 Shields
 * Level 2.9 Spellcasting
   Level 1.0 Translocations


You had 12 spell levels left.
You didn't know any spells.
Your spell library was empty.

Dungeon Overview and Level Annotations

Branches:
Dungeon (8/15)             Temple (1/1) D:4            Lair (0/6) D:8

Annotations:
D:3 exclusion: downstairs
D:4 1 runed translucent door, Crazy Yiuf
D:5 exclusion: downstairs
D:6 Edmund, Eustachio, Sigmund


Innate Abilities, Weirdness & Mutations

You have an increased reservoir of magic. (+10% MP)
You are partially covered in thin metallic scales. (AC +2)
You passively map a small area around you.
You occasionally shout uncontrollably at your foes.
Your muscles are strong. (Str +2)


Message History

You block the cyan ugly thing's attack.
Your shield prevents you from hitting the cyan ugly thing.
The cyan ugly thing is moderately wounded.
You slash the adder skeleton!
The cyan ugly thing gores you but does no damage.
The adder skeleton misses you. The cyan ugly thing barely misses you.
You slash the cyan ugly thing!
The cyan ugly thing is moderately wounded.
You hit the adder skeleton. You block the adder skeleton's attack.
The adder skeleton bites you but does no damage.
The cyan ugly thing gores you. The cyan ugly thing shocks you!
* * * LOW HITPOINT WARNING * * *
You slash the cyan ugly thing!
The cyan ugly thing is heavily wounded.
You hit the adder skeleton.
You destroy the adder skeleton!
The cyan ugly thing gores you.
* * * LOW HITPOINT WARNING * * *
The cyan ugly thing shocks you!
You die...

###....#....###..................
................#....##.........
#..............#....##......... *
#.#........##.#.....#.).......
#........#.>..#...............
####.......^#.#..## #............
...........<......###.#..########
###.............#u..#.##....#
................@##.รท.##.##.#
######...........###..##.##.###
.................###.##...#
............###...# #..###.#
#####........# ##### ##.###.##
#........# #......## ##########
#####...# ##..# ####


You could see a cyan ugly thing.

Vanquished Creatures
  2 wraiths (Ossuary)
  2 ice beasts (D:5)
  2 phantoms
  An ogre (D:5)
  A centaur (D:6)
  Blork the orc (D:4)
  A gnoll sergeant (D:4)
  2 scorpions
  2 wights (Ossuary)
  A howler monkey (D:5)
  2 centaur zombies (Ossuary)
  A bullfrog zombie (D:5)
  3 orc priests
  3 hounds
  2 orc wizards
  2 worker ants
  Natasha (thrice) (D:4)
  A hound skeleton (D:5)
  4 gnolls
  6 adders
  2 adder skeletons
  3 adder zombies
  6 worms
  3 leopard geckos
  9 orcs
  5 bats
  3 giant cockroaches
  9 goblins
  8 hobgoblins
  6 jackals
  2 quokkas
  2 ball pythons
  2 frilled lizards (D:2)
  2 hobgoblin skeletons (Ossuary)
  14 kobolds
  3 kobold zombies (Ossuary)
  An orc zombie (Ossuary)
  A quokka skeleton (D:7)
  9 rats
132 creatures vanquished.

Notes
Turn   | Place    | Note
-------+----------+-------------------------------------------
     0 | D:1      | Acheron the Demigod Wanderer began the quest for the Orb.
     0 | D:1      | Acheron set off with the following items: a +0 mace, a +2
                  | scale mail, a potion of curing, a ration
     0 | D:1      | Reached XP level 1. HP: 18/18 MP: 5/5
   186 | D:1      | Found a sparkling altar of Nemelex Xobeh.
   361 | D:1      | Reached XP level 2. HP: 26/26 MP: 7/7
  1824 | D:2      | Reached XP level 3. HP: 27/31 MP: 8/8
  2146 | D:3      | Reached skill level 1 in Maces & Flails
  2484 | D:4      | Reached XP level 4. HP: 26/38 MP: 9/9
  3428 | D:4      | Reached skill level 1 in Dodging
  3459 | D:4      | Reached XP level 5. HP: 26/45 MP: 10/10
  3696 | D:4      | Found a staircase to the Ecumenical Temple.
  3709 | Temple   | Entered the Ecumenical Temple
  3805 | D:4      | Noticed Natasha
  3857 | D:4      | Killed Natasha
  3863 | D:4      | Got an ancient ring mail
  4071 | D:4      | Noticed Natasha
  4080 | D:4      | Killed Natasha
  4080 | D:4      | Reached skill level 1 in Shields
  4166 | D:5      | Entered Level 5 of the Dungeon
  4223 | D:4      | Reached XP level 6. HP: 27/52 MP: 11/11
  4405 | D:4      | Noticed Blork the orc
  4572 | D:4      | Noticed Natasha
  4581 | D:4      | Killed Natasha
  4594 | D:4      | Killed Blork the orc
  4594 | D:4      | Reached skill level 1 in Axes
  4821 | D:4      | Found a runed translucent door.
  4822 | D:4      | Noticed Crazy Yiuf
  5133 | D:5      | Reached skill level 2 in Axes
  5260 | D:6      | Identified the +5 ring mail of the Slug {rPois Stlth+} (You
                  | found it on level 4 of the Dungeon)
  5409 | D:6      | Noticed Eustachio
  5635 | D:5      | Reached XP level 7. HP: 56/58 MP: 12/12
  5850 | D:5      | Reached skill level 3 in Axes
  6103 | D:5      | Reached skill level 4 in Axes
  6492 | D:6      | Noticed Sigmund
  6560 | D:6      | Reached XP level 8. HP: 67/67 MP: 14/14
  6995 | D:6      | Noticed Edmund
  7068 | D:7      | Noticed a hippogriff
  7119 | D:8      | Found a sand-covered staircase.
  7119 | D:8      | Found a staircase to the Lair.
  7129 | Ossuary  | Entered an ossuary
  7329 | Ossuary  | Reached skill level 5 in Axes
  7724 | Ossuary  | Gained mutation: You occasionally shout uncontrollably at
                  | your foes. [potion of mutation]
  7724 | Ossuary  | Gained mutation: You are partially covered in thin metallic
                  | scales. (AC +2) [potion of mutation]
  7724 | Ossuary  | Gained mutation: Your muscles are strong. (Str +2) [potion
                  | of mutation]
  7724 | Ossuary  | Gained mutation: You passively map a small area around you.
                  | [potion of mutation]
  7796 | D:8      | Noticed a cyan ugly thing
  7819 | D:8      | Mangled by a cyan ugly thing

Skill      XL: |  1  2  3  4  5  6  7  8 |
---------------+-------------------------+-----
Fighting       | 3 4 |  4.7
Armour         | 2 3 |  3.9
Maces & Flails | 1 2 |  2.5
Dodging        | 1 2 3 |  3.1
Stealth        | 2 3 |  3.8
Shields        | 1 2 |  2.9
Axes           | 2 4 5 |  5.6
Spellcasting   | 2 |  2.9
Throwing       | |  1.0
Translocations | |  1.0

Action                   |  1- 3 |  4- 6 |  7- 9 || total
-------------------------+-------+-------+-------++-------
Melee: Mace              |   184 |   158 |       ||   342
       War axe           |       |    91 |   219 ||   310
  Use: Scroll            |     4 |    10 |     2 ||    16
       Potion            |       |     3 |     3 ||     6
 Stab: Sleeping          |       |     2 |    10 ||    12
  Eat: Chunk             |     5 |     5 |     1 ||    11
       Ration            |       |     2 |     2 ||     4
Armor: Scale mail        |   119 |   145 |       ||   264
       Ring mail         |       |    21 |    93 ||   114
Dodge: Dodged            |   104 |   123 |   114 ||   341
Block: Buckler           |       |    56 |    43 ||    99
